 Dungeon Crawl Stone Soup version 0.31-a0-187-gba352fbbf7 (webtiles) character file.

Game seed: 5145552833766884646

180 qw the Skirmisher (level 5, -2/29 HPs)
             Began as a Deep Elf Hunter on June 22, 2023.
             Slain by a wyvern (13 damage)
             ... on level 4 of the Dungeon.
             The game lasted 00:00:52 (2664 turns).

qw the Skirmisher (Deep Elf Hunter)                 Turns: 2664, Time: 00:00:52

Health: -2/29      AC:  7    Str: 10    XL:     5   Next: 33%
Magic:  7/7        EV:  8    Int: 14    God:
Gold:   198        SH:  0    Dex: 18    Spells: 4/4 levels left

rFire   . . .        Y - +0 shortbow
rCold   . . .        (shield currently unavailable)
rNeg    . . .        d - +0 ring mail
rPois   .            g - +2 hat
rElec   .            (no cloak)
rCorr   .            (no gloves)
SInv    .            (no boots)
Will    .....        (no amulet)
Stlth   +            (no ring)
HPRegen 0.24/turn    (no ring)
MPRegen 0.10/turn

%: no passive effects
@: constricted
A: no striking features
a: no special abilities


You were on level 4 of the Dungeon.
You visited 1 branch of the dungeon, and saw 4 of its levels.

You collected 198 gold pieces.


   Skills:
 - Level 1.5 Fighting
 + Level 8.8 Ranged Weapons
 - Level 2.4 Dodging
 - Level 1.2 Stealth


You had 4 spell levels left.
You didn't know any spells.
Your spell library was empty.

Inventory:

Hand Weapons
 Y - a +0 shortbow (weapon)
Armour
 d - a +0 ring mail (worn)
 g - a +2 hat (worn)
Jewellery
 b - a ring of ice
Wands
 c - a wand of digging (2)
Scrolls
 f - a scroll of fog {unknown}
 h - 2 scrolls of identify
Potions
 a - a potion of heal wounds
 e - a potion of curing
 i - a potion of haste

Dungeon Overview and Level Annotations

Branches:
Dungeon (4/15)
 Temple: D:4-7

Altars:
Elyvilon
Wu Jian

Shops:
D:1 (   D:2 [(


Message History

f - a scroll labelled MUROJY NIERU A wyvern comes into view.
You see here a coppery potion.
You shoot an arrow. The wyvern hisses angrily.
The arrow hits the wyvern!
The wyvern is moderately wounded.
The wyvern hisses menacingly.
A ball python comes into view.
You shoot an arrow. The arrow closely misses the wyvern.
The ball python hisses angrily.
The wyvern closely misses you.
You shoot an arrow. The arrow hits the wyvern.
The wyvern is moderately wounded.
The wyvern bites you but does no damage.
The wyvern barely misses you.
You shoot an arrow.
The arrow hits the wyvern but does no damage.
The wyvern is moderately wounded.
The wyvern bites you. The wyvern barely misses you.
You shoot an arrow. The arrow hits the wyvern.
The wyvern is moderately wounded.
The wyvern closely misses you.
You shoot an arrow.
The arrow hits the wyvern but does no damage.
The wyvern is moderately wounded.
The wyvern bites you! The wyvern closely misses you.
You shoot an arrow. The arrow hits the wyvern!
The wyvern is severely wounded.
The wyvern misses you. The ball python bites you.
The ball python barely misses you. The wyvern closely misses you.
You shoot an arrow. The arrow closely misses the wyvern.
The ball python bites you but does no damage.
The ball python grabs you. The ball python constricts you.
The wyvern closely misses you. The ball python barely misses you.
The ball python constricts you.
You shoot an arrow.
The arrow closely misses the ball python.
The wyvern bites you!
You die...

#.. #.....
.=##..##################
.......#................
.............###########
#............#
#.[..........#
##...##.##### ..##.l..#
#..#S@.# # ##..# #..#
...# ...# ....# ....#
#.#.##


You could see a wyvern and a ball python.

Vanquished Creatures
  Terence (D:3)
  Natasha (twice) (D:2)
  A gnoll (D:2)
  3 adders (D:2)
  A worm (D:2)
  2 dart slugs (D:1)
  An orc (D:2)
  7 bats
  6 endoplasms
  A giant cockroach (D:1)
  8 goblins
  8 hobgoblins
  A jackal (D:2)
  8 kobolds
  2 quokkas
  2 ball pythons (D:2)
  3 frilled lizards
  3 rats
60 creatures vanquished.

Notes
Turn   | Place    | Note
-------+----------+-------------------------------------------
     0 | D:1      | qw the Deep Elf Hunter began the quest for the Orb.
     0 | D:1      | Reached XP level 1. HP: 12/12 MP: 3/3
     0 | D:1      | 0 ||| qw: Version: 0.3-a-9-g12657ce
     0 | D:1      | 0 ||| qw: Game counter: 2464
     0 | D:1      | 0 ||| qw: Always use a shield: true
     0 | D:1      | 0 ||| qw: God list: Okawaru
     0 | D:1      | 0 ||| qw: Allow faded altars: false
     0 | D:1      | 0 ||| qw: Do Orc after D:15 true
     0 | D:1      | 0 ||| qw: Do second Lair branch before Depths: true
     0 | D:1      | 0 ||| qw: Lair rune preference: random
     0 | D:1      | 0 ||| qw: Plans: Normal
     0 | D:1      | 0 ||| PLANNING D:1-11
   107 | D:1      | Reached skill level 6 in Ranged Weapons
   107 | D:1      | Reached XP level 2. HP: 16/16 MP: 4/4
   330 | D:1      | Found Xuptu's Antique Weapon Shop.
   339 | D:1      | 339 ||| UPGRADING to +0 ring mail.
   349 | D:1      | 349 ||| DROPPING +0 leather armour.
   350 | D:1      | 350 ||| UPGRADING to +2 hat.
   557 | D:1      | Reached XP level 3. HP: 20/20 MP: 5/5
   791 | D:1      | 791 ||| READING scroll labelled BOTORE HOGH.
   892 | D:1      | 892 ||| READING scroll labelled KALIEN MAGRU.
   893 | D:1      | 893 ||| READING scroll labelled XIXKUN QENOLU.
   894 | D:1      | 894 ||| READING 2 scrolls labelled OGEYROGAIG.
   895 | D:1      | 895 ||| READING scroll labelled XASSIEWOCK.
   896 | D:1      | 896 ||| DRINKING 2 emerald potions.
   897 | D:1      | 897 ||| DROPPING scroll of butterflies.
   995 | D:2      | Found Jekorism's Armour Emporium.
  1002 | D:2      | 1002 ||| SHOPLISTING +1 cloak of poison resistance (189
                  | gold, have 77).
  1002 | D:2      | 1002 ||| SHOPLISTING +2 ring mail of fire resistance (294
                  | gold, have 77).
  1012 | D:2      | Reached skill level 7 in Ranged Weapons
  1125 | D:2      | Found Yxkukouh's Antique Weapon Boutique.
  1240 | D:2      | Reached XP level 4. HP: 24/25 MP: 6/6
  1518 | D:2      | Noticed Natasha
  1527 | D:2      | Killed Natasha
  1528 | D:2      | Reached skill level 8 in Ranged Weapons
  1668 | D:2      | 1668 ||| READING 3 scrolls of identify.
  1668 | D:2      | 1668 ||| IDENTIFYING metallic puce potion
  1669 | D:2      | 1669 ||| READING 2 scrolls of identify.
  1669 | D:2      | 1669 ||| IDENTIFYING viscous yellow potion
  1684 | D:2      | Noticed Natasha
  1694 | D:2      | Killed Natasha
  1695 | D:2      | Reached XP level 5. HP: 24/29 MP: 7/7
  1807 | D:3      | Found a white marble altar of Elyvilon.
  1841 | D:3      | Found an ornate altar of the Wu Jian Council.
  1912 | D:3      | Found a faded altar of an unknown god.
  2212 | D:3      | Noticed Terence
  2223 | D:3      | Killed Terence
  2655 | D:4      | Noticed a wyvern
  2664 | D:4      | Slain by a wyvern

Levels and vault maps discovered:
D:1:      dpeg_arrival_central, layout_basic, serial_shops,
          nicolae_shop_advertising_works [nicolae_subvault_shop_adworks],
          grunt_decor_cap
D:2:      layout_loops_cross, serial_shops, shop, nicolae_shop_stone,
          serial_bayou_pond_b, grunt_ministairs_7, nicolae_the_louvre,
          uniq_natasha
D:3:      layout_loops_corners, mainiacjoe_overflow_surrounded_room,
          mainiacjoe_overflow_six_doors_small,
          hellmonk_ecumenical_altar_arch_garden, uniq_terence
D:4:      layout_basic, minmay_pentomino_pile

Skill      XL: |  1  2  3  4 |
---------------+-------------+-----
Ranged Weapons | 6 7 8 |  8.8
Fighting       | |  1.5
Dodging        | |  2.4
Stealth        | |  1.2

Action                     |  1- 3 |  4- 6 || total
---------------------------+-------+-------++-------
   Fire: Shortbow          |   115 |    72 ||   187
    Use: Scroll            |     5 |     2 ||     7
         Potion            |     1 |       ||     1
 Armour: Leather armour    |     3 |       ||     3
         Ring mail         |    22 |    15 ||    37
  Dodge: Dodged            |    32 |    28 ||    60

Table legend:
 A = Non-vault XP
 B = Vault XP
 C = Vault XP percentage of total XP
 D = Non-vault monster count
 E = Vault monster count
 F = Vault count percentage of total count
                 A         B        C        D         E       F
            +---------+---------+-------+---------+---------+-------
      Total |     162 |      96 |  37.2 |      50 |      10 |  16.7
            +---------+---------+-------+---------+---------+-------
        D:1 |      45 |       0 |   0.0 |      22 |       0 |   0.0
        D:2 |     103 |      58 |  36.0 |      20 |       8 |  28.6
        D:3 |      13 |      36 |  73.5 |       7 |       1 |  12.5
        D:4 |       1 |       2 |  66.7 |       1 |       1 |  50.0
            +---------+---------+-------+---------+---------+-------
